 Dungeon Crawl Stone Soup version 0.22-a0-136-g83a10e5 (webtiles) character file.

1747 varam the Destroyer (level 9, 0/49 HPs)
             Began as a Gargoyle Fire Elementalist on Feb 2, 2018.
             Splashed by a jelly's acid (8 damage)
             ... on level 5 of the Dungeon on Feb 3, 2018.
             The game lasted 00:23:26 (6666 turns).

varam the Destroyer (Gargoyle Fire Elementalist)    Turns: 6666, Time: 00:23:27

Health: 0/49       AC:  6    Str: 12    XL:     9   Next: 6%
Magic:  0/13       EV: 12    Int: 19    God:
Gold:   183        SH:  0    Dex: 10    Spells: 4/14 levels left

rFire    . . .     SeeInvis .   e - +0 whip
rCold    . . .     Gourm    .   (no shield)
rNeg     + . .     Faith    .   a - +0 robe
rPois    ∞         Spirit   .   n - +0 helmet
rElec    +         Reflect  .   m - scarf {repulsion}
rCorr    .         Harm     .   l - +0 pair of gloves
MR       .....                  (no boots)
Stlth    ++........             (no amulet)
HPRegen  0.16/turn              (no ring)
MPRegen  0.13/turn              (no ring)

@: corroded, repel missiles
A: negative energy resistance 1, electricity resistance, unbreathing,
petrification resistance, rot immunity, AC +6
a: no special abilities


You were on level 5 of the Dungeon.
You were not hungry.

You visited 1 branch of the dungeon, and saw 6 of its levels.

You collected 183 gold pieces.

Inventory:

Hand Weapons
 e - a +0 whip (weapon)
Armour
 a - a +0 robe (worn)
 l - a +0 pair of gloves (worn)
 m - a scarf of repulsion (worn)
 n - a +0 helmet (worn)
 v - a +0 robe of resistance
Jewellery
 B - a +3 amulet of reflection {unknown}
Wands
 u - a wand of acid (8)
 y - a wand of flame (21)
Scrolls
 h - 2 scrolls of fear {unknown}
 j - a scroll of identify {unknown}
 k - 2 scrolls of teleportation
 o - 2 scrolls of remove curse
 q - a scroll of fog {unknown}
 r - a scroll of amnesia
 s - a scroll of enchant weapon {unknown}
 x - a scroll of blinking
Potions
 d - 2 potions of heal wounds
 f - a potion of ambrosia {unknown}
 g - a potion of might {unknown}
 i - a potion of invisibility {unknown}
 p - 2 potions of flight {unknown}
 t - a potion of berserk rage {unknown}
 w - a potion of haste {unknown}
 z - 2 potions of curing {unknown}
Books
 b - a book of Flames

   Spells                             Type                      Level
   a - Flame Tongue                   Conjuration/Fire             1
   b - Throw Flame                    Conjuration/Fire             2
   c - Conjure Flame                  Conjuration/Fire             3
   d - Inner Flame                    Hexes/Fire                   3
   e - Sticky Flame                   Conjuration/Fire             4
   f - Fireball                       Conjuration/Fire             5
 A - a book of Maledictions

   Spells                             Type                      Level
   a - Corona                         Hexes                        1
   b - Ensorcelled Hibernation        Hexes/Ice                    2
   c - Confuse                        Hexes                        3
   d - Tukima's Dance                 Hexes                        3
   e - Dazzling Spray                 Conjuration/Hexes            3
Comestibles
 c - 10 rations


   Skills:
 + Level 2.6 Fighting
 + Level 2.3 Maces & Flails
 + Level 2.6 Armour
 + Level 2.6 Dodging
 - Level 2.1 Stealth
 + Level 3.2 Spellcasting
 * Level 8.5 Conjurations
 + Level 6.2 Fire Magic


You had 4 spell levels left.
You knew the following spells:

 Your Spells              Type           Power        Failure   Level  Hunger
a - Flame Tongue          Conj/Fire      ####.        1%          1    None
c - Conjure Flame         Conj/Fire      ####....     1%          3    ###....
d - Sticky Flame          Conj/Fire      ####....     7%          4    ####...
z - Throw Flame           Conj/Fire      ####..       1%          2    ##.....


Dungeon Overview and Level Annotations

Branches:
Dungeon (6/15)
 Temple: D:4-7

Altars:
Dithmenos
Elyvilon
Nemelex Xobeh
Okawaru
Trog

Shops:
D:4 =   D:5 *

Annotations:
D:5 hpc's ghost, amateur GrFi


Innate Abilities, Weirdness & Mutations

You are resistant to torment.
Your stone body is resilient. (AC +6)
You are immune to poison.
You resist negative energy. (rN+)
You are resistant to electric shocks. (rElec)
You can survive without breathing.
You are immune to petrification.
You are immune to rotting.


Message History

The centaur burns!
The centaur barely misses you. The orc closely misses you.
The centaur barely misses you.
You hit the centaur.
The centaur is almost dead.
The centaur burns!
You kill the centaur!
A jelly comes into view.
Casting: Sticky Flame (safe; 7% risk of failure)
Confirm with . or Enter, or press ? or * to list all spells.
You don't have enough magic to cast that spell.
Unknown command.
You hit the orc but do no damage.
The orc is lightly wounded.
The jelly barely misses you. The orc hits you but does no damage.
You hit the orc.
The orc is moderately wounded.
The jelly hits you.
* * * LOW HITPOINT WARNING * * *
The acid corrodes you!
You are splashed with acid!
The acid burns!
You die...

# #.######.#.#..
#.
....#####.#####.
#. #......## ## #.
#.#####)## ##. #.
#.# ##..###.. #.
##.####.#..#... #.
##.#..#.###...#.
#o##...>..##
##..#.
#@#.###.#.###..##.
##J.# #.##.#......
#.#.# #.###..#.##.
#.##.# #.>...###.
. ## #.# ######.#
# . #.# #.# #.# .#
#.# # .#


You could see a jelly and an orc.

Vanquished Creatures
  A two-headed ogre (D:5)
  Sigmund (D:2)
  2 ogres (D:4)
  An orc warrior (D:4)
  A phantom (D:5)
  A centaur (D:5)
  Blork the orc (D:4)
  A hound (D:4)
  An orc priest (D:3)
  5 orc wizards
  A bullfrog skeleton (D:4)
  A hound skeleton (D:2)
  Robin (D:3)
  6 adders
  2 oozes
  7 worms
  14 dart slugs
  2 leopard geckos
  10 orcs
  5 bats
  7 giant cockroaches
  9 goblins
  9 hobgoblins
  15 jackals
  6 kobolds
  3 quokkas
  3 ball pythons
  3 frilled lizards (D:3)
  6 rats
125 creatures vanquished.

Notes
Turn   | Place    | Note
-------+----------+-------------------------------------------
     0 | D:1      | varam the Gargoyle Fire Elementalist began the quest for the Orb.
     0 | D:1      | Reached XP level 1. HP: 10/10 MP: 3/3
    51 | D:1      | Reached XP level 2. HP: 11/15 MP: 0/5
   107 | D:1      | Learned a level 2 spell: Throw Flame
   160 | D:1      | Reached skill level 2 in Conjurations
   852 | D:1      | Reached XP level 3. HP: 19/19 MP: 0/6
   857 | D:1      | Learned a level 3 spell: Conjure Flame
   905 | D:2      | Reached skill level 3 in Conjurations
   940 | D:2      | Found a bloodstained altar of Trog.
   946 | D:2      | Noticed Sigmund
  1069 | D:2      | Reached XP level 4. HP: 12/24 MP: 2/7
  1614 | D:2      | Found an iron altar of Okawaru.
  1649 | D:2      | Reached skill level 4 in Conjurations
  1767 | D:3      | Reached skill level 4 in Fire Magic
  1767 | D:3      | Reached XP level 5. HP: 16/28 MP: 3/8
  1994 | D:2      | Killed Sigmund
  1994 | D:2      | Reached skill level 5 in Conjurations
  1994 | D:2      | Reached XP level 6. HP: 8/32 MP: 1/9
  2781 | D:3      | Noticed Robin
  2913 | D:3      | Killed Robin
  3025 | D:4      | Reached skill level 6 in Conjurations
  3040 | D:4      | Noticed Blork the orc
  3420 | D:4      | Killed Blork the orc
  3420 | D:4      | Reached skill level 5 in Fire Magic
  3420 | D:4      | Reached XP level 7. HP: 36/36 MP: 1/10
  3889 | D:4      | Reached skill level 7 in Conjurations
  3897 | D:3      | Learned a level 4 spell: Sticky Flame
  4163 | D:4      | Found a shadowy altar of Dithmenos.
  4288 | D:4      | Found Patad's Jewellery Shop.
  4409 | D:4      | Reached XP level 8. HP: 22/42 MP: 1/11
  4599 | D:4      | Found a white marble altar of Elyvilon.
  4784 | D:5      | Entered Level 5 of the Dungeon
  4784 | D:5      | Found a sparkling altar of Nemelex Xobeh.
  4784 | D:5      | Noticed hpc's ghost (amateur GrFi)
  4808 | D:4      | Reached skill level 1 in Fighting
  4808 | D:4      | Reached skill level 1 in Armour
  5187 | D:5      | Found Wairool's General Store.
  5203 | D:5      | Noticed a two-headed ogre
  5240 | D:5      | Killed a two-headed ogre
  5240 | D:5      | Reached skill level 2 in Fighting
  5240 | D:5      | Reached skill level 2 in Maces & Flails
  5240 | D:5      | Reached skill level 2 in Armour
  5240 | D:5      | Reached skill level 2 in Dodging
  5240 | D:5      | Reached skill level 3 in Spellcasting
  5240 | D:5      | Reached skill level 8 in Conjurations
  5240 | D:5      | Reached skill level 6 in Fire Magic
  5774 | D:5      | HP: 1/45 [hpc's ghost (12)]
  6656 | D:5      | Reached XP level 9. HP: 15/49 MP: 8/13
  6666 | D:5      | Splashed by a jelly's acid

Vault maps used:
D:1:      zaba_arrival_water, hex_medium, wad_floor_pattern_1
D:2:      bloody_trog, okawaru_ov_weapons_minmay, uniq_sigmund
D:3:      st_stairs_12, uniq_robin
D:4:      kennysheep_slugbush, nicolae_dithmenos_the_darkroom,
          nicolae_overflow_crystal_walls, enter_ossuary_5, serial_shops, shop,
          first_ration, uniq_blork_the_orc
D:5:      kennysheep_mini_moat, overflow_temple_1_default, serial_shops, shop
D:6:      nicolae_ru_great_annihilating_truth

Skill      XL: |  1  2  3  4  5  6  7  8 |
---------------+-------------------------+-----
Conjurations   | 2 3 4 5 6 7 8 |  8.5
Fire Magic     | 4 5 6 |  6.2
Fighting       | 2 |  2.6
Armour         | 2 |  2.6
Maces & Flails | 2 |  2.3
Dodging        | 2 |  2.6
Spellcasting   | 3 |  3.2
Stealth        | |  2.1

Action                   |  1- 3 |  4- 6 |  7- 9 || total
-------------------------+-------+-------+-------++-------
Melee: Dagger            |    40 |       |       ||    40
       Whip              |    11 |   122 |   267 ||   400
 Cast: Flame Tongue      |    38 |    62 |    56 ||   156
       Throw Flame       |       |    34 |    27 ||    61
       Sticky Flame      |       |       |     7 ||     7
       Conjure Flame     |       |       |     3 ||     3
  Use: Scroll            |     5 |       |       ||     5
       Potion            |       |     1 |       ||     1
 Stab: Sleeping          |     1 |     2 |     2 ||     5
  Eat: Chunk             |     1 |    10 |    12 ||    23
       Ration            |       |       |     1 ||     1
Armor: Robe              |    22 |    50 |   103 ||   175
Dodge: Dodged            |    51 |   122 |   143 ||   316
       Deflected         |       |       |     9 ||     9

Table legend:
 A = Spawn XP
 B = Non-spawn XP
 C = Spawn XP percentage of total XP
 D = Spawn monster count
 E = Non-spawn monster count
 F = Spawn count percentage of total count
 G = Total turns spent on level
                    A         B        C        D         E        F      G
               +---------+---------+-------+---------+---------+-------+---------
         Total |       0 |    2496 |   0.0 |       0 |     125 |   0.0 |  6666
               +---------+---------+-------+---------+---------+-------+---------
           D:1 |       0 |      58 |   0.0 |       0 |      18 |   0.0 |   871
           D:2 |       0 |     310 |   0.0 |       0 |      28 |   0.0 |  1555
           D:3 |       0 |     140 |   0.0 |       0 |      31 |   0.0 |  1296
           D:4 |       0 |     784 |   0.0 |       0 |      36 |   0.0 |  1721
           D:5 |       0 |    1204 |   0.0 |       0 |      12 |   0.0 |   866
               +---------+---------+-------+---------+---------+-------+---------
